 Dungeon Crawl Stone Soup version 0.28-a0-407-g69098e2f6d (webtiles) character file.

Game seed: 17817305012800798820

81 mg7810 the Skirmisher (level 4, -2/41 HPs)
             Began as a Minotaur Fighter on Sept 5, 2021.
             Was a Follower of Fedhas.
             Slain by a gnoll (7 damage)
             ... on level 3 of the Dungeon.
             The game lasted 00:04:18 (1792 turns).

mg7810 the Skirmisher (Minotaur Fighter)            Turns: 1792, Time: 00:04:19

Health: -2/41      AC:  7    Str: 21    XL:     4   Next: 20%
Magic:  3/3        EV:  9    Int:  5    God:    Fedhas [*.....]
Gold:   31         SH:  4    Dex: 10    Spells: 3/3 levels left

rFire   . . .      SeeInvis .   a - +0 war axe
rCold   . . .      Faith    .   c - +0 buckler
rNeg    . . .      Spirit   .   b - +0 scale mail
rPois   .          Reflect  .   (helmet restricted)
rElec   .          Harm     .   (no cloak)
rCorr   .          Rampage  .   (no gloves)
Will    .....                   (no boots)
Stlth   ..........              (no amulet)
HPRegen 0.13/turn               (no ring)
MPRegen 0.08/turn               (no ring)

@: mighty, flying
A: horns 2, retaliatory headbutt
a: Renounce Religion


You were on level 3 of the Dungeon.
You worshipped Fedhas.
Fedhas was aware of your devotion.
You visited 1 branch of the dungeon, and saw 3 of its levels.

You collected 31 gold pieces.

Inventory:

Hand Weapons
 a - a +0 war axe (weapon)
Armour
 b - a +0 scale mail (worn)
 c - a +0 buckler (worn)
Jewellery
 l - an amulet of magic regeneration
Scrolls
 e - a scroll of enchant armour {unknown}
 j - a scroll of acquirement {unknown}
 k - a scroll of amnesia {unknown}
Potions
 d - a potion of might
 g - a potion of curing {unknown}
 h - a potion of heal wounds {unknown}
 i - a potion of attraction {unknown}


   Skills:
 + Level 4.4 Fighting
 + Level 3.7 Axes
 + Level 4.3 Armour
 + Level 4.0 Shields
 * Level 0.3 Invocations


You had 3 spell levels left.
You didn't know any spells.
Your spell library contained the following spells:

 Spells                   Type           Power      Damage    Failure   Level
 Shock                    Conj/Air       0%         1d3       80%         1
 Swiftness                Air            0%         N/A       99%         3
 Airstrike                Air            0%         N/A       100%        4


Dungeon Overview and Level Annotations

Branches:
Dungeon (3/15)

Altars:
Fedhas

Shops:
D:1 =


Innate Abilities, Weirdness & Mutations

You have a pair of horns on your head.
You reflexively headbutt those who attack you in melee.


Message History

The gnoll burns you. The gnoll hits you with a +0 spear.
The dart slug barely misses you.
You slash the gnoll!
You kill the gnoll!
Fedhas appreciates your contribution to the ecosystem.
You slash the gnoll!
You kill the gnoll!
Fedhas appreciates your contribution to the ecosystem.
You slash the dart slug!
You kill the dart slug!
Fedhas appreciates your contribution to the ecosystem.
The gnoll hits you but does no damage. The adder bites you.
The gnoll hits you from afar with a +0 spear of flaming.
* * * LOW HITPOINT WARNING * * *
The gnoll burns you.
* * * LOW HITPOINT WARNING * * *
You have reached level 4!
You feel agile. The adder closely misses you.
You slash the adder!
You kill the adder!
Fedhas appreciates your contribution to the ecosystem.
The gnoll barely misses you.
You closely miss the gnoll.
The gnoll hits you from afar with a +0 spear of flaming.
* * * LOW HITPOINT WARNING * * *
The gnoll burns you.
* * * LOW HITPOINT WARNING * * *
The gnoll hits you but does no damage.
You see here a bat corpse.
You see here a ball python corpse.
A kobold comes into view. It is wielding a +0 short sword.
Found a leather armour.
The kobold shouts!
You hear a shout!
A hobgoblin comes into view.
It was a potion of flight.
You feel very buoyant.
You fly up into the air.
The gnoll hits you with a +0 flail!
You die...
Fedhas appreciates your contribution to the ecosystem.

........##....#...######.#
.........'...#.#.........#
.........#..#.†.#.#####...
.........#.#.....#...#
#+####...#..#.†.#....#
##..##..#.#........
##.##.g.#.....#....
##.###g##.....#.... #..#
#@# .....# ... #..# #.#
.....+ .. ###.## #+#
.....# #...## #..K..[
##### ###..# .g....
#...######..##
#...##.......+
##...'.....#.#
.######.....#.#


You could see 2 gnolls.

Vanquished Creatures
  2 gnolls (D:3)
  An adder (D:3)
  3 dart slugs
  4 endoplasms
  3 giant cockroaches (D:1)
  6 hobgoblins
  2 jackals (D:1)
  6 kobolds
  4 ball pythons
  4 bats
  4 frilled lizards (D:2)
  6 goblins
45 creatures vanquished.

Notes
Turn   | Place    | Note
-------+----------+-------------------------------------------
     0 | D:1      | mg7810 the Minotaur Fighter began the quest for the Orb.
     0 | D:1      | Reached XP level 1. HP: 19/19 MP: 0/0
    28 | D:1      | Found Qiam's Jewellery Shoppe.
   130 | D:1      | Reached XP level 2. HP: 27/27 MP: 1/1
   457 | D:1      | Found a faded altar of an unknown god.
   473 | D:1      | Became a worshipper of Fedhas Madash
   473 | D:1      | Reached * piety under Fedhas
   678 | D:1      | Reached XP level 3. HP: 33/34 MP: 2/2
  1739 | D:3      | Found Ulyeread's Assorted Antiques.
  1777 | D:3      | Reached XP level 4. HP: 9/41 MP: 3/3
  1792 | D:3      | Slain by a gnoll

Illustrated notes

Levels and vault maps discovered:
D:1:      minmay_arrival_four_houses, layout_loops_ring,
          hellmonk_ecumenical_altar_prayer_group, serial_shops, shop,
          corexii_hall_statues_i, minmay_misc_feat_x
D:2:      layout_loops_cross, chequers_serial_rivers_marsh, minivault_4
D:3:      layout_basic, zin_treasury, serial_shops, nicolae_diamond_shop

Skill      XL: |  1  2  3 |
---------------+----------+-----
Fighting       | 4 |  4.4
Armour         | 4 |  4.3
Shields        | 4 |  4.0
Axes           | 3 |  3.7
Invocations    | |  0.3

Action                   |  1- 3 |  4- 6 || total
-------------------------+-------+-------++-------
Melee: War axe           |    71 |     2 ||    73
       Headbutt          |    13 |       ||    13
  Use: Potion            |     1 |     1 ||     2
Armor: Scale mail        |    45 |     1 ||    46
Dodge: Dodged            |    32 |     2 ||    34
Block: Buckler           |    18 |       ||    18

Table legend: (Time is in decaauts)
 A = Elapsed time spent in this place.
 B = Non-inter-level travel time spent in this place.
 C = Inter-level travel time spent in this place.
 D = Time resting spent in this place.
 E = Time spent auto-exploring this place.
 F = Levels seen in this place.
 G = Mean time per level.
                   A        B        C        D        E       F      G
               +--------+--------+--------+--------+--------+-----+--------+
         Total |   1820 |   1739 |     81 |      0 |   1420 |   3 |  606.7 |
       Dungeon |   1820 |   1739 |     81 |      0 |   1420 |   3 |  606.7 |
               +--------+--------+--------+--------+--------+-----+--------+

Top non-repeatable levels by time:
     D:1: 1027 daAuts
     D:2: 671 daAuts
     D:3: 121 daAuts
